 Dungeon Crawl Stone Soup version 0.21.1-1-g345015f (webtiles) character file.

1424 letownia2 the Spear-Bearer (level 8, -3/56 HPs)
             Began as a Merfolk Skald on Mar 12, 2018.
             Was a Priest of Cheibriados.
             Slain by a two-headed ogre
             ... wielding a +0 giant club
              (18 damage)
             ... on level 8 of the Dungeon.
             The game lasted 00:14:32 (2267 turns).

letownia2 the Spear-Bearer (Merfolk Skald)          Turns: 2267, Time: 00:14:33

Health: -3/56      AC:  6    Str: 20    XL:     8   Next: 72%
Magic:  9/12       EV: 13    Int: 22    God:    Cheibriados [***...]
Gold:   209        SH:  0    Dex: 21    Spells: 2/13 levels left

rFire    . . .     SeeInvis .   a - +0 spear
rCold    . . .     Gourm    .   (no shield)
rNeg     . . .     Faith    .   b - +0 leather armour
rPois    +         Spirit   .   k - +0 helmet
rElec    .         Reflect  .   G - scarf {repulsion}
rCorr    .         Harm     .   v - +0 pair of gloves
MR       +....                  w - +0 pair of boots
Stlth    ++........             (no amulet)
HPRegen  0.18/turn              l - ring of poison resistance
MPRegen  0.13/turn              D - ring of protection from magic

@: repel missiles, very slow
A: change form in water, swift swim, stealthy swim
a: Bend Time, Temporal Distortion, Renounce Religion


You were on level 8 of the Dungeon.
You worshipped Cheibriados.
Cheibriados was most pleased with you.
You were hungry.

You visited 1 branch of the dungeon, and saw 8 of its levels.

You collected 209 gold pieces.

Inventory:

Hand Weapons
 a - a +0 spear (weapon)
 s - a +0 hunting sling
Armour
 b - a +0 leather armour (worn)
 g - a +0 cloak
 k - a +0 helmet (worn)
 v - a +0 pair of gloves (worn)
 w - a +0 pair of boots (worn)
 x - a +0 ring mail
 E - the +0 shield of Beyond {rElec rF- Int+3}
   (You found it on level 5 of the Dungeon)

   It affects your intelligence (+3).
   It makes you vulnerable to fire.
   It insulates you from electricity.
 G - a scarf of repulsion (worn)
Jewellery
 l - a ring of poison resistance (left hand)
 q - an uncursed ring of protection from fire
 A - an uncursed ring of fire
 D - a ring of protection from magic (right hand)
Wands
 u - a wand of acid (6)
Scrolls
 e - a scroll of enchant weapon {unknown}
 h - 2 scrolls of blinking {unknown}
 i - 5 scrolls of identify
 j - a scroll of amnesia {unknown}
 m - 2 scrolls of enchant armour {unknown}
 n - a scroll of noise {unknown}
 p - a scroll of immolation {unknown}
 y - 3 scrolls of teleportation {unknown}
 z - a scroll of remove curse {unknown}
 B - 2 scrolls of fear {unknown}
 F - 3 scrolls of magic mapping {unknown}
Potions
 f - a potion of brilliance
 o - a potion of haste
 r - a potion of magic
 t - a potion of heal wounds
 C - a potion of curing
Books
 c - a book of Battle

   Spells                             Type                      Level
   a - Infusion                       Charms                       1
   b - Shroud of Golubria             Charms/Translocation         2
   c - Song of Slaying                Charms                       2
   d - Spectral Weapon                Hexes/Charms                 3
   e - Regeneration                   Charms/Necromancy            3
Comestibles
 d - 9 rations


   Skills:
 - Level 2.1 Fighting
 + Level 10.9 Polearms
 - Level 0.6 Armour
 - Level 2.6 Dodging
 - Level 3.1 Spellcasting
 - Level 1.5 Hexes
 - Level 5.0 Charms
 - Level 1.4 Necromancy
 - Level 1.1 Translocations
 + Level 4.9 Invocations


You had 2 spell levels left.
You knew the following spells:

 Your Spells              Type           Power        Failure   Level  Hunger
a - Infusion              Chrm           ####         1%          1    None
g - Regeneration          Chrm/Necr      ###.......   12%         3    ###....
l - Song of Slaying       Chrm           ####....     2%          2    ##.....
t - Shroud of Golubria    Chrm/Tloc      ###.......   6%          2    ##.....
x - Spectral Weapon       Hex/Chrm       ###.....     11%         3    ###....


Dungeon Overview and Level Annotations

Branches:
Dungeon (8/15)             Temple (0/1) D:7
   Lair: D:8-11

Altars:
Cheibriados
Wu Jian

Shops:
D:6 =

Annotations:
D:3 buskinjo's ghost, amateur DrGl
D:5 Sigmund


Message History

Found 15 sling bullets.
You barely miss the two-headed ogre.
Unknown command.
Casting: Shroud of Golubria
Confirm with . or Enter, or press ? or * to list all spells.
You draw out your weapon's spirit!
The two-headed ogre hits you with a giant club!!
The two-headed ogre hits you with a giant club!
* * * LOW HITPOINT WARNING * * *
Unknown command.
Unknown command.
Okay, then.
Okay, then.
Okay, then.
You hit the two-headed ogre.
The two-headed ogre is lightly wounded.
Your spectral weapon hits the two-headed ogre but does no damage.
The two-headed ogre closely misses you.
The two-headed ogre hits you with a giant club!!
You die...

# # # ## ..... ##..
.<... #.. #.....
##.# ####### #.....
#######..###(......
......
...........@O......
#.....
######<#####......
..... #..# .....
...## .... #### ...
(. #


You could see a two-headed ogre and a friendly spectral spear.

Vanquished Creatures
  2 black bears (D:7)
  A sky beast (D:7)
  A phantom (D:4)
  2 ogres
  A centaur (D:7)
  4 bullfrogs
  3 scorpions
  A wight (D:6)
  A bullfrog skeleton (D:6)
  A bullfrog zombie (D:6)
  A centaur skeleton (D:3)
  2 hounds
  A worker ant (D:6)
  2 orc wizards
  A hound zombie (D:5)
  A howler monkey zombie (D:5)
  3 shadow imps
  An ooze (D:2)
  2 adder skeletons
  2 worms (D:4)
  A dart slug (D:3)
  6 leopard geckos
  8 orcs
  A ball python (D:5)
  5 giant cockroaches
  20 jackals
  2 quokkas
  5 bats
  3 frilled lizards
  5 goblins
  2 kobolds
  4 rats (D:2)
95 creatures vanquished.

Vanquished Creatures (others)
  2 spectral weapons
2 creatures vanquished.

Grand Total: 97 creatures vanquished

Notes
Turn   | Place    | Note
-------+----------+-------------------------------------------
     0 | D:1      | letownia2 the Merfolk Skald began the quest for the Orb.
     0 | D:1      | Reached XP level 1. HP: 16/16 MP: 3/3
   106 | D:2      | Reached skill level 4 in Polearms
   106 | D:2      | Reached XP level 2. HP: 19/22 MP: 0/5
   143 | D:2      | Learned a level 2 spell: Shroud of Golubria
   149 | D:2      | Found a snail-covered altar of Cheibriados.
   173 | D:2      | Became a worshipper of Cheibriados the Contemplative
   274 | D:3      | Reached skill level 1 in Translocations
   286 | D:2      | Reached XP level 3. HP: 7/27 MP: 0/6
   408 | D:1      | Reached * piety under Cheibriados
   449 | D:1      | Reached skill level 5 in Polearms
   496 | D:3      | Reached XP level 4. HP: 20/33 MP: 4/7
   501 | D:3      | Learned a level 3 spell: Spectral Weapon
   602 | D:3      | Noticed buskinjo's ghost (amateur DrGl)
   637 | D:5      | Entered Level 5 of the Dungeon
   664 | D:5      | Reached skill level 6 in Polearms
   704 | D:7      | Noticed a bullfrog
   724 | D:7      | Killed a bullfrog
   724 | D:7      | Reached skill level 1 in Hexes
   724 | D:7      | Reached XP level 5. HP: 34/38 MP: 3/8
   790 | D:7      | Noticed a black bear
   828 | D:6      | Reached skill level 7 in Polearms
   828 | D:6      | Reached XP level 6. HP: 26/44 MP: 2/9
   891 | D:6      | Reached ** piety under Cheibriados
   908 | D:7      | Learned a level 3 spell: Regeneration
   997 | D:6      | Reached skill level 1 in Necromancy
  1094 | D:5      | Noticed Sigmund
  1149 | D:4      | Noticed a phantom
  1166 | D:4      | Killed a phantom
  1166 | D:4      | Reached skill level 8 in Polearms
  1166 | D:4      | Reached XP level 7. HP: 18/50 MP: 2/11
  1170 | D:4      | Learned a level 2 spell: Song of Slaying
  1460 | D:5      | Found an ornate altar of the Wu Jian Council.
  1467 | D:5      | Reached *** piety under Cheibriados
  1539 | D:5      | Got a heavily runed shield
  1558 | D:5      | Identified the +0 shield of Beyond {rElec rF- Int+3} (You found it on level 5 of the Dungeon)
  1573 | D:6      | Reached skill level 5 in Charms
  1643 | D:6      | Reached skill level 9 in Polearms
  1643 | D:6      | Reached skill level 1 in Invocations
  1723 | D:6      | Found Zetila's Jewellery Shoppe.
  1829 | D:7      | Reached XP level 8. HP: 23/56 MP: 2/12
  1955 | D:8      | Noticed a two-headed ogre
  1970 | D:7      | Reached skill level 10 in Polearms
  2218 | D:7      | Found a staircase to the Ecumenical Temple.
  2264 | D:8      | Noticed a two-headed ogre
  2267 | D:8      | Slain by a two-headed ogre

Skill      XL: |  1  2  3  4  5  6  7  8 |
---------------+-------------------------+-----
Polearms       | 4 5 6 7 8 9 10 | 10.9
Translocations | 1 |  1.1
Hexes          | 1 |  1.5
Charms         | 4 5 |  5.0
Necromancy     | 1 |  1.4
Spellcasting   | 3 |  3.1
Invocations    | 2 4 |  4.9
Fighting       | |  2.1
Armour         | |  0.6
Dodging        | |  2.6

Action                   |  1- 3 |  4- 6 |  7- 9 || total
-------------------------+-------+-------+-------++-------
Melee: Spear             |    91 |   193 |   183 ||   467
Throw: Javelin           |       |     3 |       ||     3
 Cast: Infusion          |     6 |       |       ||     6
       Shroud of Golubri |     4 |    16 |    12 ||    32
       Spectral Weapon   |       |     4 |    11 ||    15
       Regeneration      |       |     3 |     5 ||     8
Invok: Temporal Distorti |       |       |     1 ||     1
  Use: Scroll            |       |       |     6 ||     6
 Stab: Sleeping          |       |       |     1 ||     1
       Distracted        |       |       |     1 ||     1
  Eat: Chunk             |       |     2 |     5 ||     7
Armor: Leather armour    |    21 |    61 |    37 ||   119
Dodge: Dodged            |    51 |   106 |   100 ||   257
